 Dungeon Crawl Stone Soup version 0.28-a0-124-g73ec313a74 (webtiles) character file.

Game seed: 17420760663681974174

4354 Atlas the Grappler (level 10, -1/77 HPs)
             Began as a Purple Draconian Transmuter on Aug 14, 2021.
             Slain by Joseph (15 damage)
             ... on level 8 of the Dungeon.
             The game lasted 00:11:57 (10382 turns).

Atlas the Grappler (Purple Draconian Transmuter)   Turns: 10382, Time: 00:11:57

Health: -1/77      AC:  2    Str: 15    XL:     10   Next: 12%
Magic:  20/20      EV: 24    Int: 15    God:
Gold:   1198       SH:  0    Dex: 22    Spells: 13/23 levels left

rFire   . . .      SeeInvis .     - Unarmed
rCold   . . .      Faith    .   (shield currently unavailable)
rNeg    . . .      Spirit   .   (armour unavailable)
rPois   x          Reflect  .   (helmet currently unavailable)
rElec   .          Harm     .   (cloak currently unavailable)
rCorr   .          Rampage  .   (gloves currently unavailable)
Will    ++...                   (boots currently unavailable)
Stlth   +++.......              u - amulet of magic regeneration
HPRegen 0.22/turn               B - ring of willpower
MPRegen 0.42/turn               G - +6 ring of dexterity

@: spider-form (expiring)
A: venomous fangs, (breathe power), AC +7, tiny, unfitting armour,
(cold-blooded)
a: End Transformation


You were on level 8 of the Dungeon.
You were a venomous arachnid creature.
You visited 2 branches of the dungeon, and saw 9 of its levels.

You collected 1253 gold pieces.
You spent 55 gold pieces at shops.

Inventory:

Missiles
 x - 2 throwing nets
Armour
 c - a +0 pair of boots (melded)
 o - a +1 hat (melded)
 t - a +2 pair of gloves (melded)
Jewellery
 h - a ring of wizardry
 u - an amulet of magic regeneration (around neck)
 B - a ring of willpower (left front leg)
 G - a +6 ring of dexterity (right front leg)
Wands
 i - a wand of flame (15)
 n - a wand of digging (4)
 v - a wand of polymorph (8)
Scrolls
 a - 6 scrolls of teleportation
 b - 3 scrolls of immolation
 e - a scroll of silence
 f - a scroll of enchant armour {unknown}
 g - a scroll of amnesia {unknown}
 p - 2 scrolls of blinking
 s - a scroll of fog {unknown}
 y - a scroll of magic mapping {unknown}
 z - a scroll of fear {unknown}
 F - a scroll of identify
Potions
 d - 3 potions of heal wounds
 j - 2 potions of lignification
 k - a potion of magic
 m - 3 potions of attraction
 q - 3 potions of curing
 w - a potion of might {unknown}
 A - a potion of flight {unknown}
 C - a potion of berserk rage {unknown}
 D - a potion of cancellation {unknown}
 E - a potion of haste


   Skills:
 + Level 3.1 Fighting
 + Level 5.7 Dodging
 - Level 3.0 Stealth
 + Level 9.6 Unarmed Combat
 + Level 7.0 Spellcasting
 + Level 6.0 Transmutations
 + Level 2.9 Poison Magic


You had 13 spell levels left.
You knew the following spells:

 Your Spells              Type           Power      Damage    Failure   Level
a - Beastly Appendage     Tmut           46%        N/A       5%          1
b - Wereblood             Tmut           23%        N/A       7%          2
c - Spider Form           Tmut/Pois      9%         N/A       17%         3
d - Ice Form              Ice/Tmut       14%        N/A       58%         4

Your spell library contained the following spells:

 Spells                   Type           Power      Damage    Failure   Level
 Passwall                 Tmut/Erth      11%        N/A       17%         2
 Summon Small Mammal      Summ           20%        N/A       30%         1
 Call Canine Familiar     Summ           5%         N/A       58%         3
 Summon Guardian Golem    Hex/Summ       5%         N/A       58%         3
 Swiftness                Air            5%         N/A       58%         3
 Invisibility             Hex            2%         N/A       100%        6


Dungeon Overview and Level Annotations

Branches:
Dungeon (8/15)             Temple (1/1) D:6
   Lair: D:8-11

Altars:
Ashenzari
Dithmenos
Fedhas
Hepliaklqana
Kikubaaqudgha
Makhleb
Nemelex Xobeh
Okawaru
Qazlal
Ru
Sif Muna
Trog
Uskayaw
Vehumet
Wu Jian
Xom
Yredelemnul
Zin
The Shining One

Shops:
D:1 !   D:3 (

Annotations:
D:8 Joseph


Innate Abilities, Weirdness & Mutations

You are a venomous arachnid creature.
You have poisonous fangs.
You are tiny and dextrous.
Your spellcasting is less reliable in this form.
Your armour is entirely melded.
You are incapable of wielding weapons or throwing items.
((You can breathe bolts of dispelling energy.))
((Your rich purple scales are hard. (AC +7)))
You cannot fit into any form of body armour.
((You are cold-blooded and may be slowed by cold attacks.))


Message History

You turn into a venomous arachnid creature.
Your +1 hat melds into your body.
Your +2 pair of gloves melds into your body.
Your +0 pair of boots melds into your body.
Joseph shoots a sling bullet.
The sling bullet misses you.
Joseph unwields a +2 hunting sling of flaming.
It stops flaming.
Joseph wields a +0 quarterstaff.
Joseph barely misses you.
You bite Joseph!
Joseph is poisoned.
Joseph is lightly wounded.
You bite Joseph!
Joseph looks as sick as possible!
Joseph is moderately wounded.
Joseph hits you with a +0 quarterstaff!
You are too injured to fight recklessly!
You are too injured to fight recklessly!
You bite Joseph!
Joseph is heavily wounded.
Joseph misses you.
You hit Joseph but do no damage.
Joseph looks as sick as possible!
Joseph is heavily wounded.
Joseph hits you with a +0 quarterstaff!
* * * LOW HITPOINT WARNING * * *
You hit Joseph.
Joseph looks as sick as possible!
Joseph is severely wounded.
Joseph misses you.
You barely miss Joseph.
Joseph is severely wounded.
You hit Joseph.
Joseph looks as sick as possible!
Joseph is severely wounded.
Joseph completely misses you.
You hit Joseph but do no damage.
Joseph is severely wounded.
Joseph closely misses you.
You hit Joseph but do no damage.
Joseph looks as sick as possible!
Joseph is severely wounded.
Joseph misses you.
You hit Joseph.
Joseph looks as sick as possible!
Joseph is almost dead.
Your transformation is almost over.
Joseph hits you with a +0 quarterstaff!
You die...

### #..
##### #..
#######
#...####..
#.....#
##.P.P.##..
#.....#
#..P..P....
#.....#
#....P.....
#...s.#
#..........
#...@.#
#..........
#.....#
#..........
#.....#
#..........
#.....#
#..........
#.....#
#..#.##....
#.....#
####.##....
#.....#
#........
#.....#
#........


You could see Joseph (extremely poisoned).

Vanquished Creatures
  Harold (D:8)
  Grinder (D:3)
  A wyvern (D:5)
  Eustachio (D:6)
  A steam dragon (D:8)
  Menkaure (D:7)
  6 water moccasins
  An ice beast (D:8)
  2 orc warriors (D:6)
  A black bear (D:4)
  5 necrophages
  3 ogres
  A phantom (D:4)
  A killer bee (D:8)
  2 wights (D:8)
  A howler monkey (D:8)
  A bullfrog zombie (D:6)
  2 centaur zombies
  3 hounds
  3 jellies
  2 orc priests
  2 centaur skeletons
  A bullfrog skeleton (D:5)
  Terence (D:3)
  An iguana (D:7)
  A scorpion zombie (D:5)
  5 orc wizards
  A hound zombie (D:5)
  A hound skeleton (D:4)
  Robin (D:2)
  A howler monkey skeleton (D:3)
  12 gnolls
  8 adders
  2 shadow imps
  A white imp (D:7)
  An ufetubus (D:5)
  2 adder zombies (D:5)
  A dart slug (D:1)
  26 orcs
  9 ball pythons
  7 bats
  5 endoplasms
  2 giant cockroaches
  16 goblins
  6 hobgoblins
  18 jackals
  3 kobolds
  A quokka (D:2)
  4 frilled lizards
  6 rats
185 creatures vanquished.

Vanquished Creatures (others)
  6 withered plants (D:8)
6 creatures vanquished.

Grand Total: 191 creatures vanquished

Notes
Turn   | Place    | Note
-------+----------+-------------------------------------------
     0 | D:1      | Atlas the Draconian Transmuter began the quest for the Orb.
     0 | D:1      | Reached XP level 1. HP: 16/16 MP: 3/3
   233 | D:1      | Reached XP level 2. HP: 23/23 MP: 3/5
   499 | D:1      | Reached XP level 3. HP: 28/28 MP: 3/6
   502 | D:1      | Learned a level 2 spell: Wereblood
   506 | D:1      | Learned a level 3 spell: Spider Form
   905 | D:1      | Found Hosharul's Distillery.
   917 | D:1      | Bought a potion of heal wounds for 55 gold pieces
  1278 | D:2      | Noticed Robin
  1335 | D:2      | Killed Robin
  1336 | D:2      | Reached XP level 4. HP: 5/35 MP: 2/7
  2481 | D:3      | Reached skill level 4 in Unarmed Combat
  2590 | D:3      | Noticed Grinder
  2606 | D:3      | Killed Grinder
  2607 | D:3      | Reached skill level 1 in Poison Magic
  2607 | D:3      | Reached XP level 5. HP: 18/41 MP: 2/9
  2607 | D:3      | Reached XP level 6. HP: 21/48 MP: 2/10
  2858 | D:3      | Reached skill level 1 in Stealth
  3280 | D:3      | Noticed Terence
  3294 | D:3      | Killed Terence
  3565 | D:3      | Found Junoxufu's Weapon Emporium.
  3804 | D:3      | Reached skill level 5 in Unarmed Combat
  4149 | D:4      | Your scales start taking on a rich purple colour.
  4149 | D:4      | Reached XP level 7. HP: 51/55 MP: 13/13
  4893 | D:4      | Reached skill level 6 in Unarmed Combat
  5279 | D:4      | Identified a scroll of acquirement
  5281 | D:4      | Acquired 793 gold pieces
  5301 | D:5      | Entered Level 5 of the Dungeon
  5367 | D:5      | Reached skill level 5 in Spellcasting
  5485 | D:5      | Reached XP level 8. HP: 45/61 MP: 15/15
  5581 | D:5      | Found a shimmering blue altar of Sif Muna.
  6038 | D:5      | Found a shadowy altar of Dithmenos.
  6039 | D:5      | Found the +3 giant club "Skullcrusher" {speed, Str+7}
  6060 | D:5      | Reached skill level 7 in Unarmed Combat
  6356 | D:6      | Found a staircase to the Ecumenical Temple.
  6398 | Temple   | Entered the Ecumenical Temple
  7034 | D:6      | Reached skill level 5 in Transmutations
  7304 | D:6      | Reached XP level 9. HP: 44/68 MP: 17/17
  7746 | D:6      | Noticed Eustachio
  7763 | D:6      | Killed Eustachio
  8080 | D:6      | Reached skill level 8 in Unarmed Combat
  8706 | D:7      | Reached skill level 5 in Dodging
  8897 | D:7      | Found a basalt altar of Yredelemnul.
  8898 | D:7      | Noticed Menkaure
  8909 | D:7      | Killed Menkaure
  9178 | D:7      | Found an ancient bone altar of Kikubaaqudgha.
  9212 | D:7      | Found an ornate altar of the Wu Jian Council.
  9511 | D:8      | Learned a level 4 spell: Ice Form
  9614 | D:8      | Noticed Harold
  9629 | D:8      | Killed Harold
  9630 | D:8      | Reached skill level 9 in Unarmed Combat
  9892 | D:8      | Reached XP level 10. HP: 64/77 MP: 20/20
 10348 | D:8      | Noticed Joseph
 10382 | D:8      | Slain by Joseph

Illustrated notes

Levels and vault maps discovered:
D:1:      saegor_arrival_simple_a, layout_loops_ring, serial_shops, shop_coins,
          minmay_misc_feat_rows
D:2:      layout_loops_corners, uniq_robin
D:3:      layout_basic, serial_shops, shop, uniq_terence, uniq_grinder
D:4:      layout_loops_corners, hangedman_abyss_or_decor_stagger,
          chequers_serial_rivers_micro_d
D:5:      layout_rooms, grunt_dithmenos_shadows, nicolae_overflow_crystal_walls,
          minmay_between
D:6:      layout_basic, minmay_temple_entry_ruins, minmay_chambers_of_fives,
          uniq_eustachio
D:7:      layout_loops_ring, kiku_gazebo_pond_becter, nzn_wu_jian_contemplation,
          old_standard_altar, feat_on_display, uniq_menkaure
D:8:      layout_gridville, serial_undead, serial_undead_b, serial_undead_c,
          serial_undead_b, serial_undead_e, uniq_joseph, uniq_harold
Temple:   eino_temple_lava

Skill      XL: |  1  2  3  4  5  6  7  8  9 10 |
---------------+-------------------------------+-----
Dodging        | 2 3 4 5 |  5.7
Unarmed Combat | 4 5 6 7 9 |  9.6
Spellcasting   | 3 4 5 6 7 |  7.0
Transmutations | 3 4 5 6 |  6.0
Poison Magic   | 1 2 |  2.9
Stealth        | 1 2 3 |  3.0
Fighting       | 2 3 |  3.1

Action                   |  1- 3 |  4- 6 |  7- 9 | 10-12 || total
-------------------------+-------+-------+-------+-------++-------
Melee: Unarmed           |   107 |   143 |   384 |    36 ||   670
       Kick              |     9 |    12 |    59 |     5 ||    85
       Tailslap          |     5 |     8 |    31 |     6 ||    50
       Headbutt          |     5 |    11 |    35 |     2 ||    53
       Punch             |     1 |     2 |     8 |       ||    11
 Cast: Beastly Appendage |    19 |    16 |    51 |     3 ||    89
       Spider Form       |     5 |    10 |    14 |     1 ||    30
 Abil: Breathe Dispellin |       |       |     4 |       ||     4
  Use: Scroll            |       |       |    10 |     1 ||    11
       Potion            |       |       |     3 |       ||     3
 Stab: Sleeping          |     1 |     2 |     4 |       ||     7
Armor: Skin              |    25 |    34 |   108 |    12 ||   179
Dodge: Dodged            |    75 |    85 |   276 |    58 ||   494

Table legend: (Time is in decaauts)
 A = Elapsed time spent in this place.
 B = Non-inter-level travel time spent in this place.
 C = Inter-level travel time spent in this place.
 D = Time resting spent in this place.
 E = Time spent auto-exploring this place.
 F = Levels seen in this place.
 G = Mean time per level.
                   A        B        C        D        E       F      G
               +--------+--------+--------+--------+--------+-----+--------+
         Total |  10304 |  10101 |    203 |    319 |   8281 |   9 | 1144.9 |
       Dungeon |  10238 |  10045 |    193 |    319 |   8225 |   8 | 1279.8 |
        Temple |     66 |     56 |     10 |      0 |     56 |   1 |   66.0 |
               +--------+--------+--------+--------+--------+-----+--------+

Top non-repeatable levels by time:
     D:6: 1776 daAuts
     D:3: 1644 daAuts
     D:2: 1400 daAuts
     D:7: 1300 daAuts
     D:4: 1171 daAuts
     D:1: 1057 daAuts
     D:5: 1040 daAuts
     D:8: 848 daAuts
  Temple: 66 daAuts
